 Dungeon Crawl Stone Soup version 0.27.1-37-g7b29ead8ac (console) character file.

Game seed: 11383650980948095406

499 grimtooth the Cutter (level 7, -5/40 HPs)
             Began as a Kobold Hunter on Apr 22, 2024.
             Slain by Duvessa (10 damage)
             ... on level 5 of the Dungeon.
             The game lasted 00:16:18 (5418 turns).

grimtooth the Cutter (Kobold Hunter)                Turns: 5418, Time: 00:16:19

Health: -5/40      AC:  4    Str:  9    XL:     7   Next: 39%
Magic:  7/7        EV: 20    Int: 14    God:
Gold:   138        SH:  0    Dex: 16    Spells: 6/6 levels left

rFire    . . .     SeeInvis .   B - +2 dagger (speed)
rCold    . . .     Faith    .   (shield restricted)
rNeg     . . .     Spirit   .   g - +0 leather armour
rPois    .         Reflect  .   j - +0 helmet
rElec    .         Harm     .   (no cloak)
rCorr    .         Rampage  .   (no gloves)
Will     .....                  (no boots)
Stlth    ++++......             (no amulet)
HPRegen  0.13/turn              H - +4 ring of evasion
MPRegen  0.10/turn              (no ring)

@: mighty
A: small, no large weapons, nightstalker 3
a: no special abilities


You were on level 5 of the Dungeon.
You visited 1 branch of the dungeon, and saw 5 of its levels.

You collected 138 gold pieces.

Inventory:

Hand Weapons
 a - a +1 dagger of draining
 b - the +4 mace of Zatseum {speed, Will+ Stlth+}
   (You found it on level 4 of the Dungeon)

   Attacks with this weapon are significantly faster.
   Will:      It increases your willpower.
   Stlth:     It makes you more stealthy.
 t - a +0 short sword
 B - a +2 dagger of speed (weapon)
Missiles
 c - 10 boomerangs
 d - 3 throwing nets {=f}
 e - 53 stones (quivered)
 s - 2 poisoned darts
 y - 20 sling bullets
Armour
 g - a +0 leather armour (worn)
 j - a +0 helmet (worn)
Magical Staves
 F - a staff of cold
Jewellery
 E - a +6 ring of intelligence
 G - a ring of fire
 H - a +4 ring of evasion (left hand)
Wands
 x - a wand of iceblast (5)
 C - a wand of paralysis (16)
Scrolls
 h - 2 scrolls of holy word {unknown}
 i - 2 scrolls of immolation {unknown}
 m - a scroll of silence {unknown}
 o - a scroll of fog {unknown}
 p - 2 scrolls of brand weapon {unknown}
 q - a scroll of teleportation {unknown}
 u - a scroll of magic mapping {unknown}
 v - a scroll of enchant weapon {unknown}
 z - a scroll of amnesia {unknown}
 D - a scroll of acquirement {unknown}
Potions
 k - a potion of flight
 l - 3 potions of attraction
 n - 2 potions of curing
 r - a potion of haste {unknown}
 w - 2 potions of heal wounds {unknown}
 A - a potion of degeneration {unknown}


   Skills:
 - Level 2.1 Fighting
 - Level 6.0 Short Blades
 - Level 4.3 Throwing
 + Level 5.0 Dodging
 - Level 6.0 Stealth


You had 6 spell levels left.
You didn't know any spells.
Your spell library was empty.

Dungeon Overview and Level Annotations

Branches:
Dungeon (5/15)
 Temple: D:4-7

Altars:
Cheibriados
Makhleb

Annotations:
D:2 exclusion: adder, Sigmund
D:3 2 transporters, exclusions: orc, orc priest and orc wizard
D:4 fly
D:5 Duvessa


Innate Abilities, Weirdness & Mutations

You are small and have problems with some larger weapons.
You are completely attuned to the shadows.


Message History

Press: ? - help, Shift-Dir - straight line, f - Duvessa
Aim: Duvessa, wielding a +1 vampiric short sword and wearing a +0 chain mail (wandering, hasn't noticed you, chance to affect: 28%)
Okay, then.
Aiming: Iceblast
Press: ? - help, Shift-Dir - straight line, f - Duvessa
Aim: Duvessa, wielding a +1 vampiric short sword and wearing a +0 chain mail (wandering, hasn't noticed you)
The mass of ice explodes!
The iceblast engulfs Duvessa.
Duvessa is lightly wounded.
Duvessa shouts!
Duvessa goes berserk!
You hear a shout!
Duvessa rages.
Aiming: Iceblast
Press: ? - help, Shift-Dir - straight line, f/p - Duvessa
Aim: Duvessa, wielding a +1 vampiric short sword and wearing a +0 chain mail (lightly wounded, berserk)
The mass of ice explodes!
The iceblast engulfs Duvessa!
Duvessa is moderately wounded.
Aiming: Paralyse
Press: ? - help, Shift-Dir - straight line, f/p - Duvessa
Aim: Duvessa, wielding a +1 vampiric short sword and wearing a +0 chain mail (moderately wounded, berserk, chance to affect: 28%) Duvessa easily resists.
Duvessa closely misses you. x2
You feel very mighty all of a sudden.
Duvessa hits you with a +1 vampiric short sword!!
Ouch! That really hurt!
* * * LOW HITPOINT WARNING * * *
Okay, then.
Enter note: - aw crap
Press: ? - help, v - describe, . - travel
Here: Duvessa, wielding a +1 vampiric short sword and wearing a +0 chain mail (moderately wounded, berserk)
The floor.
You hit Duvessa but do no damage.
Duvessa is moderately wounded.
Duvessa misses you.
Okay, then.
It was a potion of curing.
You feel better.
Duvessa hits you with a +1 vampiric short sword!
* * * LOW HITPOINT WARNING * * *
Duvessa draws strength from your wounds!
Duvessa hits you with a +1 vampiric short sword!
You die...

.####'#####.###.......#######.#
.##......##.#.+.......'.......#
.##......##.#.#.......#######.#
.##......##......###### #.#
.##...........^....# #.#
.##...)............# ...
.##................#
.####.###..........#
.####.#######'######
..............########
##############..@....#
#...e...# #.......# #.....).#
#......... #######... ...


You could see Duvessa (berserk).

Vanquished Creatures
  A black bear (D:4)
  Dowan (D:5)
  A bullfrog zombie (D:5)
  4 hounds
  A gnoll shaman (D:4)
  A bullfrog skeleton (D:5)
  An orc wizard (D:3)
  3 gnolls (D:4)
  3 adders
  A howler monkey skeleton (D:5)
  An adder skeleton (D:4)
  A worm (D:3)
  2 dart slugs (D:1)
  2 orcs (D:3)
  5 ball pythons
  4 endoplasms
  3 giant cockroaches
  2 goblins
  2 hobgoblins
  6 jackals
  4 kobolds
  7 quokkas
  5 bats
  4 frilled lizards
  6 rats
71 creatures vanquished.

Notes
Turn   | Place    | Note
-------+----------+-------------------------------------------
     0 | D:1      | grimtooth the Kobold Hunter began the quest for the Orb.
     0 | D:1      | Reached XP level 1. HP: 12/12 MP: 1/1
   276 | D:1      | Reached skill level 1 in Short Blades
   619 | D:1      | Reached XP level 2. HP: 17/17 MP: 2/2
  1472 | D:2      | Noticed Sigmund
  1512 | D:2      | Reached XP level 3. HP: 17/21 MP: 3/3
  1926 | D:2      | Found a faded altar of an unknown god.
  2284 | D:3      | Found a transporter.
  2304 | D:3      | Found a transporter.
  2465 | D:3      | Reached XP level 4. HP: 26/26 MP: 4/4
  2491 | D:3      | Found a snail-covered altar of Cheibriados.
  3124 | D:3      | Reached XP level 5. HP: 26/30 MP: 5/5
  3623 | D:4      | Found a burning altar of Makhleb.
  3656 | D:4      | Reached skill level 5 in Short Blades
  3771 | D:4      | Identified the +4 mace of Zatseum {speed, Will+ Stlth+}
  4025 | D:4      | Reached XP level 6. HP: 35/35 MP: 6/6
  4056 | D:4      | Noticed a black bear
  4059 | D:4      | Killed a black bear
  4060 | D:4      | Reached skill level 5 in Stealth
  4928 | D:5      | Entered Level 5 of the Dungeon
  4969 | D:5      | Reached XP level 7. HP: 32/40 MP: 7/7
  5401 | D:5      | Noticed Dowan
  5408 | D:5      | Killed Dowan
  5409 | D:5      | Reached skill level 5 in Dodging
  5410 | D:5      | Noticed Duvessa
  5417 | D:5      | - aw crap
  5418 | D:5      | Slain by Duvessa

Illustrated notes

.####'#####.###.......#######.#
.##......##.#.+.......'.......#
.##......##.#.#.......#######.#
.##......##......###### #.#
.##...........^....# #.#
.##...)............# ...
.##................#
.####.###..........#
.####.#######'######
..............########
##############..@....#
#...e...# #.......# #.....).#
#......... #######... ...


Turn 5417 on D:5: - aw crap

Levels and vault maps discovered:
D:1:      minmay_arrival_wavy_path, layout_loops_corners
D:2:      layout_rooms, chequers_ecumenical_altar_island, uniq_sigmund
D:3:      gammafunk_steamed_eel, layout_loops_ring, slow_altar_2
D:4:      layout_basic, mainiacjoe_overflow_six_doors_small,
          corexii_item_surrounded_by_moat
D:5:      layout_basic, serial_shops, kennysheep_mini_moat, uniq_duvessa,
          uniq_edmund

Skill      XL: |  1  2  3  4  5  6  7 |
---------------+----------------------+-----
Short Blades   | 1 2 3 4 5 6 |  6.0
Stealth        | 2 3 4 6 |  6.0
Dodging        | 3 5 |  5.0
Fighting       | |  2.1
Throwing       | |  4.3

Action                   |  1- 3 |  4- 6 |  7- 9 || total
-------------------------+-------+-------+-------++-------
Melee: Short sword       |   117 |       |       ||   117
       Dagger            |    19 |   134 |    29 ||   182
Throw: Stone             |    39 |     8 |       ||    47
       Dart              |       |    14 |       ||    14
       Boomerang         |       |     3 |       ||     3
Evoke: Wand              |       |       |     5 ||     5
  Use: Potion            |       |     1 |     2 ||     3
       Scroll            |       |     2 |       ||     2
 Stab: Sleeping          |     5 |     8 |     2 ||    15
       Distracted        |     1 |       |       ||     1
       Paralysed         |       |       |     1 ||     1
Armor: Leather armour    |    33 |    21 |     3 ||    57
Dodge: Dodged            |    91 |    75 |    14 ||   180
